 Dungeon Crawl Stone Soup version 0.29-a0-550-g81e455f4c2 (webtiles) character file.

Game seed: 15191094107274900905

5947 Glafi the Fighter (level 10, -20/100 HPs)
             Began as a Minotaur Fighter on June 5, 2022.
             Demolished by a cyclops (25 damage)
             ... on level 10 of the Dungeon.
             The game lasted 01:21:49 (9931 turns).

Glafi the Fighter (Minotaur Fighter)                Turns: 9931, Time: 01:21:50

Health: -20/100    AC: 10    Str: 34    XL:     10   Next: 54%
Magic:  9/9        EV: 12    Int:  7    God:
Gold:   326        SH:  6    Dex: 13    Spells: 9/9 levels left

rFire   . . .      SeeInvis +   F - +2 spear (flame)
rCold   . . .      Faith    .   c - +0 buckler
rNeg    + . .      Spirit   .   b - +0 scale mail
rPois   .          Reflect  .   (helmet restricted)
rElec   .          Harm     .   h - +0 cloak
rCorr   .          Rampage  .   (no gloves)
Will    .....                   (no boots)
Stlth   ..........              (no amulet)
HPRegen 0.26/turn               p - +6 ring of strength
MPRegen 0.11/turn               o - ring "Amyab" {*Slow rN+ Str+4 Int+2 Dex+2 SInv}

@: about to teleport
A: horns 2, retaliatory headbutt
a: no special abilities


You were on level 10 of the Dungeon.
You visited 1 branch of the dungeon, and saw 10 of its levels.

You collected 463 gold pieces.
You spent 137 gold pieces at shops.

Inventory:

Hand Weapons
 a - a +0 war axe
 F - a +2 spear of flaming (weapon)
Armour
 b - a +0 scale mail (worn)
 c - a +0 buckler (worn)
 h - a +0 cloak (worn)
Jewellery
 o - the ring "Amyab" (right hand) {*Slow rN+ Str+4 Int+2 Dex+2 SInv}
   (You found it on level 3 of the Dungeon)

   [ring of positive energy]

   Str:       It affects your strength (+4).
   Int:       It affects your intelligence (+2).
   Dex:       It affects your dexterity (+2).
   rN:        It protects you from negative energy.
   SInv:      It lets you see invisible.
   *Slow:     It may slow you when you take damage.
 p - a +6 ring of strength (left hand)
 D - an amulet of the acrobat
 I - a +6 ring of dexterity
 J - a ring of flight
Wands
 e - a wand of charming (5)
 B - a wand of polymorph (14)
Scrolls
 j - 3 scrolls of blinking
 m - 2 scrolls of teleportation
 n - 3 scrolls of identify
 q - 2 scrolls of noise {unknown}
 v - a scroll of summoning {unknown}
 y - a scroll of magic mapping {unknown}
 C - 2 scrolls of amnesia {unknown}
 E - a scroll of enchant armour {unknown}
Potions
 d - 3 potions of might
 f - 2 potions of flight
 g - 4 potions of haste
 i - a potion of resistance
 k - a potion of ambrosia {unknown}
 l - 3 potions of berserk rage
 r - a potion of attraction {unknown}
 t - 3 potions of lignification
 w - a potion of degeneration {unknown}
 A - a potion of mutation {unknown}
 G - 2 potions of brilliance {unknown}
 H - a potion of invisibility
 K - 2 potions of magic {unknown}


   Skills:
 * Level 12.7 Fighting
 - Level 2.4 Axes
 + Level 11.1 Armour
 + Level 5.6 Dodging
 - Level 1.2 Stealth
 + Level 8.5 Shields


You had 9 spell levels left.
You didn't know any spells.
Your spell library contained the following spells:

 Spells                   Type           Power      Damage    Failure   Level
 Apportation              Tloc           0%         N/A       67%         1
 Magic Dart               Conj           0%         1d3       67%         1
 Necrotize                Necr           0%         1d4       67%         1
 Summon Small Mammal      Summ           0%         N/A       67%         1
 Searing Ray              Conj           0%         2d4       82%         2
 Static Discharge         Conj/Air       0%         N/A       82%         2
 Call Canine Familiar     Summ           0%         N/A       96%         3
 Summon Guardian Golem    Hex/Summ       0%         N/A       96%         3
 Swiftness                Air            0%         N/A       96%         3
 Dispel Undead            Necr           0%         3d6       100%        4
 Fulminant Prism          Conj/Hex       0%         3d6       100%        4
 Sticky Flame             Conj/Fire      0%         2d3       100%        4
 Summon Lightning Spire   Summ/Air       0%         N/A       100%        4
 Conjure Ball Lightning   Conj/Air       0%         3x3d6     100%        6


Dungeon Overview and Level Annotations

Branches:
Dungeon (10/15)            Temple (0/1) D:4
   Lair: D:8-11         Orc: D:9-12

Altars:
Ashenzari
Cheibriados
Makhleb
Yredelemnul
Zin
The Shining One

Shops:
D:5 ?

Annotations:
D:3 1 runed translucent door, flestrin's ghost, amateur MeTm


Innate Abilities, Weirdness & Mutations

You have a pair of horns on your head.
You reflexively headbutt those who attack you in melee.


Message History

The acid dragon closely misses you. You furiously retaliate!
You headbutt the acid dragon, but do no damage.
The acid dragon claws you.
* * * LOW HITPOINT WARNING * * *
You feel much better. The acid dragon misses you. You furiously retaliate!
You headbutt the acid dragon!
You kill the acid dragon!
You start resting.
A cyclops comes into view.
The cyclops shouts!
The cyclops throws a large rock.
The large rock hits you!!
* * * LOW HITPOINT WARNING * * *
There is an open door, spattered with blood here.
You feel better.
You are no longer corroded.
You see here a howler monkey corpse.
You hit the cyclops. You burn the cyclops. You headbutt the cyclops!
The cyclops is moderately wounded.
You hit the cyclops. You burn the cyclops.
The cyclops is moderately wounded.
The cyclops hits you!!
* * * LOW HITPOINT WARNING * * *
Blink to where?
Press: ? - help, Dir - move target, f - you
Okay, then.
You hit the cyclops but do no damage.
The cyclops is moderately wounded.
You block the cyclops's attack.
You puncture the cyclops! You burn the cyclops.
The cyclops is heavily wounded.
You puncture the cyclops! You burn the cyclops. You headbutt the cyclops!
The cyclops is almost dead.
The cyclops hits you!
* * * LOW HITPOINT WARNING * * *
As you read the scroll of teleportation, it crumbles to dust.
You feel strangely unstable. You block the cyclops's attack.
You hit the cyclops but do no damage.
The cyclops is almost dead.
The cyclops hits you!!
You die...

#.#.#...## #..##
#........###..>##
+....(..........#
#........###...##
#.#.#...## #...#
######'#####......
........C...#.###....
#####.#.###C### ###.
...#.#.@.# 8#8
8.#.8.# .. .....#(..#
# ###########


You could see a cyclops.

Vanquished Creatures
  Pikel (D:8)
  Maggie (D:6)
  An unseen horror (D:9)
  A kobold demonologist (D:8)
  Prince Ribbit (D:7)
  A shadow (D:9)
  A yak (D:10)
  2 wyverns
  A wraith (D:9)
  2 steam dragons
  4 water moccasins
  An acid dragon (D:10)
  Duvessa (D:7)
  2 orc warriors
  2 ice beasts (D:6)
  A black bear (D:7)
  5 centaurs
  3 lemures (D:8)
  A phantom (D:6)
  4 kobold brigands
  A bullfrog (D:7)
  A gnoll sergeant (D:8)
  4 scorpions
  3 wights (D:8)
  A necrophage (D:7)
  Dowan (D:7)
  3 killer bees (D:9)
  A howler monkey (D:10)
  A jelly (D:7)
  A hound (D:5)
  2 gnoll shamans (D:6)
  6 orc priests
  7 iguanas
  3 orc wizards
  Robin (D:2)
  11 gnolls
  5 adders
  A white imp (D:6)
  5 worms
  4 dart slugs
  15 orcs
  3 ball pythons
  4 bats
  6 endoplasms
  3 giant cockroaches
  19 goblins
  12 hobgoblins
  8 jackals
  29 kobolds
  3 quokkas
  3 frilled lizards (D:2)
  8 rats
211 creatures vanquished.

Vanquished Creatures (others)
  2 plants (D:9)
2 creatures vanquished.

Grand Total: 213 creatures vanquished

Notes
Turn   | Place    | Note
-------+----------+-------------------------------------------
     0 | D:1      | Glafi the Minotaur Fighter began the quest for the Orb.
     0 | D:1      | Reached XP level 1. HP: 19/19 MP: 0/0
    94 | D:1      | Reached XP level 2. HP: 27/27 MP: 1/1
   156 | D:1      | Reached skill level 4 in Fighting
   416 | D:1      | Reached XP level 3. HP: 30/34 MP: 2/2
   562 | D:1      | Found a faded altar of an unknown god.
   904 | D:2      | Noticed Robin
   948 | D:2      | Reached skill level 5 in Fighting
   949 | D:2      | Killed Robin
   950 | D:2      | Reached XP level 4. HP: 18/42 MP: 3/3
  1837 | D:3      | Identified the ring "Amyab" {*Slow rN+ Str+4 Int+2 Dex+2
                  | SInv}
  2028 | D:3      | Found a runed translucent door.
  2029 | D:3      | Noticed flestrin's ghost (amateur MeTm)
  2029 | D:3      | Noticed a water moccasin
  2116 | D:3      | Found a broken altar of Ashenzari.
  2412 | D:4      | Found a staircase to the Ecumenical Temple.
  2469 | D:4      | Reached XP level 5. HP: 23/48 MP: 4/4
  2475 | D:4      | Reached skill level 1 in Dodging
  2899 | D:4      | Reached skill level 5 in Armour
  2904 | D:4      | Reached skill level 6 in Fighting
  2999 | D:4      | Reached XP level 6. HP: 57/57 MP: 5/5
  3036 | D:5      | Entered Level 5 of the Dungeon
  3036 | D:5      | Found Pedeps's Magic Scroll Boutique.
  3051 | D:5      | Bought a scroll of identify for 22 gold pieces
  3051 | D:5      | Bought a scroll of teleportation for 33 gold pieces
  3313 | D:5      | Found a sand-covered staircase.
  3426 | D:5      | Bought a scroll of blinking for 82 gold pieces
  3692 | D:6      | Reached XP level 7. HP: 64/64 MP: 6/6
  3709 | D:6      | Reached skill level 7 in Fighting
  3709 | D:6      | Reached skill level 5 in Shields
  3819 | D:6      | Found a burning altar of Makhleb.
  3888 | D:6      | Reached skill level 8 in Fighting
  3986 | D:6      | Reached XP level 8. HP: 56/74 MP: 7/7
  4895 | D:6      | Reached skill level 9 in Fighting
  4901 | D:6      | Got the Handbook of Lightness
  5173 | D:6      | Noticed Maggie
  5201 | D:6      | Killed Maggie
  5585 | D:7      | Reached skill level 1 in Stealth
  5585 | D:7      | Reached XP level 9. HP: 61/85 MP: 8/8
  5609 | D:7      | Reached skill level 10 in Fighting
  6115 | D:7      | Noticed Prince Ribbit
  6121 | D:7      | Killed Prince Ribbit
  6236 | D:7      | Noticed Duvessa
  6236 | D:7      | Noticed Dowan
  6251 | D:7      | Killed Duvessa
  6253 | D:7      | Killed Dowan
  7079 | D:8      | Noticed Pikel
  7098 | D:8      | Killed Pikel
  7099 | D:8      | Reached skill level 11 in Fighting
  7099 | D:8      | Reached skill level 10 in Armour
  7441 | D:8      | Noticed a kobold demonologist
  7443 | D:8      | Noticed an ice devil
  7453 | D:8      | Noticed a soul eater
  7453 | D:8      | Killed a kobold demonologist
  7835 | D:8      | Reached XP level 10. HP: 97/97 MP: 9/9
  8528 | D:9      | Reached skill level 12 in Fighting
  8612 | D:9      | Reached skill level 5 in Dodging
  9243 | D:9      | Found a snail-covered altar of Cheibriados.
  9497 | D:9      | Found a glowing silver altar of Zin.
  9630 | D:9      | Found a glowing golden altar of the Shining One.
  9714 | D:9      | Found a basalt altar of Yredelemnul.
  9822 | D:10     | Entered Level 10 of the Dungeon
  9917 | D:10     | Noticed a cyclops
  9929 | D:10     | HP: 4/100 [cyclops (9)]
  9931 | D:10     | Demolished by a cyclops

Illustrated notes

Levels and vault maps discovered:
D:1:      mainiacjoe_arrival_reflecting_pool, layout_basic,
          hellmonk_ecumenical_altar_crossroads, minmay_misc_feat_diagonals,
          minmay_misc_feat_iff
D:2:      layout_loops_cross, serial_glass, glass_columns_c, glass_columns_a,
          glass_columns_b, glass_columns_b, glass_columns_a, glass_columns_a,
          glass_columns_b, glass_columns_a, minmay_split_cup_large, uniq_robin
D:3:      layout_rooms, mainiacjoe_overflow_alcove_1, ebering_ghost_inner_flame
D:4:      layout_basic, minmay_temple_entry_statues
D:5:      layout_rooms, nicolae_ossuary_entry_ruins, serial_shops, shop,
          minmay_fountain_box
D:6:      layout_basic, bloody_makhleb, amcnicky_mini_pool_medium, uniq_maggie
D:7:      layout_cave_pods, enter_bailey_4, uniq_duvessa, uniq_prince_ribbit1
D:8:      layout_basic, uniq_pikel
D:9:      layout_roguey, lemuel_tele_altar, amcnicky_altar_gilded,
          tso_oasis_becter, mainiacjoe_overflow_alcove_4
D:10:     wad_arrow_thing, layout_cave_pods, lemuel_doored_altar,
          grunt_ministairs_15

Skill      XL: |  1  2  3  4  5  6  7  8  9 10 |
---------------+-------------------------------+-----
Armour         | 4 5 6 7 8 10 11 | 11.1
Fighting       | 4 5 6 8 9 11 12 | 12.7
Shields        | 4 5 6 7 8 |  8.5
Dodging        | 1 2 3 4 5 |  5.6
Stealth        | 1 |  1.2
Axes           | |  2.4

Action                   |  1- 3 |  4- 6 |  7- 9 | 10-12 || total
-------------------------+-------+-------+-------+-------++-------
Melee: War axe           |   103 |   124 |   128 |       ||   355
       Headbutt          |    13 |    26 |    42 |    23 ||   104
       Spear             |       |       |    79 |   127 ||   206
  Use: Scroll            |       |       |    10 |     1 ||    11
       Potion            |       |       |     3 |     3 ||     6
Armor: Scale mail        |    68 |    54 |   107 |    42 ||   271
Dodge: Dodged            |    44 |    52 |   149 |    60 ||   305
Block: Buckler           |    27 |    30 |    86 |    46 ||   189

Table legend: (Time is in decaauts)
 A = Elapsed time spent in this place.
 B = Non-inter-level travel time spent in this place.
 C = Inter-level travel time spent in this place.
 D = Time resting spent in this place.
 E = Time spent auto-exploring this place.
 F = Levels seen in this place.
 G = Mean time per level.
                   A        B        C        D        E       F      G
               +--------+--------+--------+--------+--------+-----+--------+
         Total |  10093 |   9957 |    136 |   2099 |   6296 |  10 | 1009.3 |
       Dungeon |  10093 |   9957 |    136 |   2099 |   6296 |  10 | 1009.3 |
               +--------+--------+--------+--------+--------+-----+--------+

Top non-repeatable levels by time:
     D:6: 1936 daAuts
     D:8: 1680 daAuts
     D:9: 1393 daAuts
     D:7: 1210 daAuts
     D:2: 992 daAuts
     D:1: 883 daAuts
     D:4: 711 daAuts
     D:5: 651 daAuts
     D:3: 523 daAuts
    D:10: 110 daAuts
